[Event "4th Tata Steel India Blitz Open 2022"]
[Site "Kolkota"]
[Date "2022.12.04"]
[Round "15.3"]
[White "So, Wesley"]
[Black "Nihal Sarin"]
[Result "1-0"]
[ECO "B06"]
[WhiteElo "2760"]
[BlackElo "2670"]
[Annotator "TA"]
[PlyCount "133"]
[EventDate "2022.11.29"]
[EventType "tourn"]
[EventCountry "IND"]
[SourceTitle "playchess.com"]
[Source "ChessBase"]
[SourceQuality "1"]
[TimeControl "180+2"]

1. e4 g6 2. d4 Bg7 3. Nc3 d6 4. Be3 a6 5. Qd2 Nd7 6. a4 b6 7. Bd3 {[%emt 0:00:09] B06: Modern Defence.} Bb7 {[%emt 0:00:01] [#]} 8. Nce2 $146 ({Predecessor:} 8. f4 e6 9. Nf3 Ne7 10. O-O c5 11. dxc5 Nxc5 12. b4 Nxd3 13. cxd3 O-O 14. Bd4 {0-1 (80) Muzychuk,M (2526)-Harika,D (2492) Sochi 2015}) 8... Ngf6 9. f3 {[%emt 0:00:08] The position is equal.} e5 10. d5 $1 c6 11. dxc6 Bxc6 12. Bc4 {[%emt 0:00:08] Inhibits d5.} Qc7 13. Nc3 O-O $1 14. Nge2 {[%emt 0:00:06] Against b5} (14. O-O-O {feels hotter.} Bxe4 15. Ba2 d5 16. Nge2) 14... Bxe4 15. Bxf7+ $1 Rxf7 16. fxe4 Qc6 17. O-O-O Nxe4 (17... Ng4 {looks sharper.} 18. Rhf1 Ndf6 19. h3 Nxe3 20. Qxe3 b5) 18. Nxe4 Qxe4 19. Nc3 Qb7 20. Qxd6 Qxg2 (20... b5 {simplifies} 21. Rhf1 Nf6 22. Rf2 Bf8) 21. Qe6 {[%emt 0:00:16] Inhibits b5.} Nf6 22. Bxb6 Re8 23. Qc4 Bh6+ 24. Kb1 Qb7 25. a5 Kg7 26. Rhf1 Bf4 27. Rd6 Rc8 {[%emt 0:00:04] Prevents Rc6.} 28. Qe2 {[%emt 0:00:08] [#] White is more active.} ({Better is} 28. Qe6 $1 $16 {[%cal Of1f4] aiming for Rxf4!} Re8 29. Qh3) 28... Rd7 $2 {[%emt 0:00:02] [#]} (28... Rxc3 $1 $15 {keeps the upper hand.} 29. bxc3 (29. Rxf6 Rxf6) 29... Ne4) 29. Rxd7+ $1 $18 Nxd7 {[%emt 0:00:01] [#]} 30. Rxf4 $1 exf4 (30... Rxc3 {is tougher.} 31. Bd4 Rc5) 31. Qe7+ Kh6 32. Qh4+ $2 ({White must play} 32. Bd4 $18 Qf3 33. Qxd7 Qh1+ 34. Ka2) 32... Kg7 $11 33. Qe7+ $2 (33. Bd4+ $11 Kf8 34. Qxh7 (34. Qxf4+ Kg8 $11) 34... Qh1+ 35. Ka2) 33... Kh6 $1 $18 (33... Kg8 $2 34. Bd4 $18) 34. Qh4+ $2 (34. Bd4 $18 Qf3 35. Qxd7 Qh1+ 36. Ka2) 34... Kg7 $11 35. Bd4+ $40 {[%emt 0:00:01][%mdl 192] Deflection. Black needs to defend precisely.} Kf8 $1 36. Qxh7 {[%emt 0:00:03] And now Qg7+ would win. Chess con chili.} Rxc3 $4 {[%emt 0:00:08][%mdl 8192] Black is now going downhill.} 37. Qg7+ (37. Bxc3 Qh1+ 38. Ka2 Qd5+ 39. Ka3 Qf7 40. Bb4+ Ke8 41. Qh8+ Nf8 42. Qe5+ Ne6 43. Qb8+ Nd8 $18) 37... Ke8 38. Qxg6+ (38. Bxc3 Qh1+ 39. Ka2 Qe4 $16) 38... Ke7 {[%emt 0:00:02] White must now prevent ...Qh1+.} 39. Qg5+ Ke6 {[%emt 0:00:02] Hoping for ...Rf3.} 40. Qg4+ ({Less strong is} 40. Bxc3 Qh1+ 41. Ka2 Qd5+ 42. Qxd5+ Kxd5 $18) 40... Ke7 41. Qg5+ Ke6 $1 {[%emt 0:00:01] Threatens to win with ...Rf3.} 42. Qg4+ ({Weaker is} 42. Bxc3 Qh1+ 43. Ka2 Qd5+ 44. Qxd5+ Kxd5 $18) 42... Ke7 43. Bxc3 $18 {[%emt 0:00:00][%mdl 4096] Endgame KQB-KQN} Qh1+ 44. Ka2 Qe4 45. h4 Ne5 $2 (45... Nc5 46. Qg7+ Ke8) 46. Qg5+ Ke6 47. Qg8+ Ke7 48. Qg7+ Ke6 49. Qh6+ Ke7 50. Qxa6 f3 51. Qa7+ Ke6 52. Qb6+ Kf5 53. a6 $2 (53. Bxe5 $18 {Intending Qf6+ and mate.} Kxe5 54. a6 Qc4+ 55. Ka3) 53... Qxc2 $2 (53... Qc4+ $11 54. Kb1 Qf1+ 55. Ka2 Qc4+ 56. Kb1 Qf1+ 57. Ka2 Qc4+) 54. Qa5 (54. Qb5 $142 Qe4 55. a7) 54... Qe4 55. a7 {[%emt 0:00:02] White mates.} f2 56. a8=Q ({And not} 56. a8=B Qc4+ 57. Ka3 f1=Q $11) 56... Qc4+ 57. Ka3 f1=Q 58. Qxe5+ Kg4 59. Qee4+ Kh3 60. Qxc4 Qxc4 61. Qh1+ Kg4 62. Qg1+ Kh3 63. Qe3+ Kh2 64. Be5+ Kh1 65. Qh3+ Kg1 66. Qg3+ Kf1 67. Qf4+ {[%emt 0:00:01] Weighted Error Value: White=0.69/Black=0.46} 1-0

[Event "4th Tata Steel India Blitz Open 2022"]
[Site "Kolkota"]
[Date "2022.12.04"]
[Round "15.4"]
[White "Mamedyarov, Shakhriyar"]
[Black "Erigaisi Arjun"]
[Result "0-1"]
[ECO "D45"]
[WhiteElo "2741"]
[BlackElo "2718"]
[Annotator "TA"]
[PlyCount "78"]
[EventDate "2022.11.29"]
[EventType "tourn"]
[EventCountry "IND"]
[SourceTitle "playchess.com"]
[Source "ChessBase"]
[SourceQuality "1"]
[TimeControl "180+2"]

1. c4 e6 2. Nf3 d5 3. e3 Nf6 4. b3 Bd6 5. Bb2 O-O 6. Nc3 c6 7. d4 Nbd7 8. Be2 Ne4 9. O-O f5 10. Qc2 Qf6 {[%emt 0:00:07] D45: Semi-Slav: 5 e3.} 11. a3 {[%emt 0:00:25] [#]} b6 $146 (11... Qh6 {looks sharper.} 12. h3 b6 13. b4 Bb7) ({Predecessor:} 11... Nxc3 12. Qxc3 Bc7 13. Rae1 Qh6 14. Ne5 Nxe5 15. dxe5 f4 16. Bc1 g5 17. exf4 gxf4 {1-0 (58) Kaciusis,D (1706)-Gonzalez Martinez,F (1489) Montevideo 2022}) 12. b4 Bb7 {[%emt 0:00:12] The position is equal.} 13. Rac1 Rae8 14. Qa4 a6 15. cxd5 (15. Qc2 $11) 15... b5 $15 16. Qb3 {[%emt 0:00:16] Strongly threatening Nxe4.} exd5 (16... cxd5 17. a4 $11) 17. g3 Nb6 18. Nxe4 fxe4 19. Ne5 Rc8 (19... Qh6 $17 20. Nxc6 Bxg3 $1 21. Ne7+ Rxe7 22. fxg3 Ref7 23. Rxf7 Rxf7) 20. f3 exf3 $1 21. Bxf3 Bxe5 (21... Qg5 {feels hotter.} 22. e4 Bxe5 23. dxe5 Nc4) 22. dxe5 Qe6 23. Bd4 Nc4 24. Qc3 {[%emt 0:00:01] Inhibits Nd2.} Rce8 25. Bh5 {[%emt 0:00:01] A strong pair of Bishops.} Rd8 (25... g6 $11 26. Rxf8+ Rxf8) 26. Rf4 $14 Qh6 (26... Bc8 $14 {is superior.}) 27. Bg4 (27. Rh4 $16 {[%cal Oh5f7] Bf7+! is the strong threat.} Bc8 {[#]} 28. Bf7+ $1 Rxf7 29. Rxh6 gxh6 30. Bc5) 27... Bc8 28. e6 (28. Be2 $14 {might be stronger.}) 28... Bxe6 $11 29. Bxe6+ Qxe6 30. Bxg7 Rxf4 {[%emt 0:00:04] Active counter play!} 31. exf4 Qe3+ 32. Qxe3 Nxe3 {[%emt 0:00:01][%mdl 4096] Endgame KRB-KRN} 33. Bf6 Rd6 34. Bd4 Nc4 35. Re1 Kf7 {[%emt 0:00:01][%cal Oa6a5] Prevents Re7+.} 36. f5 {[%emt 0:00:01] Against a5} Nxa3 37. Ra1 $2 (37. Re2 $11 {and White is okay.}) 37... Nc2 $1 $19 38. Bc5 {[%emt 0:00:03] Hoping for Rc1.} Rd7 $2 (38... Nxa1 $19 39. Bxd6 Nb3) 39. Kf2 $2 Nxa1 {[%emt 0:00:01] Weighted Error Value: White=0.49/Black=0.25 (precise)} 0-1

[Event "4th Tata Steel India Blitz Open 2022"]
[Site "Kolkota"]
[Date "2022.12.04"]
[Round "15.5"]
[White "Maghsoodloo, Parham"]
[Black "Nakamura, Hikaru"]
[Result "1-0"]
[ECO "D35"]
[WhiteElo "2720"]
[BlackElo "2768"]
[Annotator "TA"]
[PlyCount "105"]
[EventDate "2022.11.29"]
[EventType "tourn"]
[EventCountry "IND"]
[SourceTitle "playchess.com"]
[Source "ChessBase"]
[SourceQuality "1"]
[TimeControl "180+2"]

1. d4 Nf6 2. c4 e6 3. Nf3 d5 4. Nc3 Be7 5. cxd5 exd5 6. Bf4 c6 7. e3 Bf5 8. Nh4 $1 {[%emt 0:00:02][%mdl 4] is recently more successful than 8.Bd3. D35: Queen's Gambit Declined: Exchange Variation.} Bg4 9. Qc2 (9. Be2 {simplifies} Bxe2 10. Qxe2 Qd7 11. O-O) 9... Nh5 10. h3 {[%emt 0:00:01] [#] The position is equal.} Bc8 $146 ({Predecessor:} 10... Be6 11. Nf3 Nxf4 12. exf4 g6 13. Bd3 Qd6 14. Ne2 Nd7 15. O-O Nf6 16. Ne5 Nd7 {1-0 (100) Warmerdam,M (2613)-Michalik,P (2577) Prague 2022}) 11. Nf3 Nxf4 12. exf4 Bd6 13. g3 Na6 (13... Qe7+ $11 14. Be2 Nd7) 14. a3 (14. Bxa6 $16 {Hoping for Bd3.} bxa6 15. Nxd5 $1 Qa5+ 16. Nc3) 14... O-O 15. Bd3 {[%emt 0:00:01] Active counter play!} Re8+ 16. Kf1 (16. Ne5 {looks sharper.} h6 17. Kf1 Nc7 18. Kg2) 16... g6 17. Kg2 Nc7 18. h4 Bg4 {[%emt 0:00:18] Inhibits h5.} 19. Ne5 Bxe5 (19... Bh5 $1 $11) 20. dxe5 $14 Ne6 21. Ne2 $1 c5 {[%emt 0:00:22] aiming for ...c4.} 22. f3 {[%emt 0:00:15] Prevents c4.} Bxf3+ 23. Kxf3 {h5 is the strong threat.} c4 {Against h5} 24. Bxg6 hxg6 25. Rad1 Qb6 (25... Rc8 $11) 26. h5 $16 (26. Rxd5 $2 Qc6 27. Rhd1 Nc7 $17) 26... d4 $2 (26... g5 $16) 27. hxg6 $18 (27. Qxc4 Rac8 28. Qb4 Qc6+ 29. Kf2 Qe4 $14) 27... d3 $2 (27... Qc6+ 28. Qe4 d3) 28. gxf7+ Kxf7 29. Qxc4 dxe2 30. Rd7+ (30. Rd6 $18 {is the precise move to win. Threatens to win with f5.} Qxb2 31. Qd3 (31. Qxe2 Nd4+ 32. Rxd4 Qxd4 $11) 31... e1=N+ 32. Rxe1) 30... Kg8 (30... Re7 $142 31. Rxe7+ Kxe7) 31. Rd6 {[%emt 0:00:04] Dancing on a razor blade.} (31. Kxe2 $6 Rac8 32. Qe4 (32. Qd3 $2 Qxb2+ 33. Kf3 Rc3 $19) 32... Qb5+ 33. Rd3 Qxb2+ 34. Kf3 (34. Rd2 Qb5+ 35. Kf3 Nf8 $11) 34... Nf8 $11) 31... Qc7 32. Qxc7 (32. Qxe2 $2 {is the wrong capture.} Qxd6 $3 $19 ) 32... Nxc7 33. Kxe2 Re7 (33... Ne6 $16 34. Rd7 b6) 34. Rhd1 Rae8 (34... Ne6 $16 35. Ke3 (35. f5 Ng7 $11) 35... Nf8) 35. Rd7 Ne6 36. Kf3 Nc5 (36... Nf8 {keeps fighting.} 37. Rxe7 Rxe7) 37. Rxe7 Rxe7 {[%emt 0:00:00][%mdl 4096] Endgame KRN-KR} 38. Rd4 a6 (38... Kf7 $142 39. g4 b6) 39. g4 b5 (39... Ne6 {was worth a try.} 40. Rd6 Kf8) 40. g5 Ne6 41. Rd6 Nxg5+ $2 (41... b4 42. Rxa6 bxa3 43. bxa3 Kf7) 42. fxg5 Rxe5 43. Rxa6 Rxg5 {[%emt 0:00:01] KR-KR} 44. Kf4 $2 (44. Ke3 Kf7 45. Rd6) 44... Rg2 $2 {[%emt 0:00:06] [#]} (44... Rh5 45. Kg4 Rc5) 45. b4 $1 Rh2 46. Ra5 Rh3 47. Ke5 Kf7 48. Kd6 (48. Rxb5 $2 {loses.} Rh5+ 49. Kd6 Rxb5 $19) 48... Rc3 49. Rxb5 {[%emt 0:00:06] White mates.} Rxa3 50. Re5 Kf6 51. b5 Ra5 52. Rc5 Kf7 53. b6 {[%emt 0:00:02] Weighted Error Value: White=0.39/Black=0.55} 1-0

[Event "4th Tata Steel India Blitz Open 2022"]
[Site "Kolkota"]
[Date "2022.12.04"]
[Round "16.1"]
[White "Erigaisi Arjun"]
[Black "Maghsoodloo, Parham"]
[Result "0-1"]
[ECO "A34"]
[WhiteElo "2718"]
[BlackElo "2720"]
[Annotator "TA"]
[PlyCount "123"]
[EventDate "2022.11.29"]
[EventType "tourn"]
[EventCountry "IND"]
[SourceTitle "playchess.com"]
[Source "ChessBase"]
[SourceQuality "1"]
[TimeControl "180+2"]

1. Nf3 c5 2. c4 Nc6 3. Nc3 e5 4. e3 Nf6 5. d4 cxd4 6. exd4 e4 7. Ne5 Bb4 8. Be2 Qa5 9. Nxc6 dxc6 10. Bd2 {[%emt 0:00:05] A34: Symmetrical English: 2 Nc3, lines with ...d5.} O-O 11. O-O Rd8 12. a3 {[%emt 0:00:09] White has an edge.} Bxc3 13. Bxc3 Qg5 14. Qc1 {[%emt 0:00:01] [#]} Qh4 $5 $146 {[%emt 0:00:06][%mdl 8] New and interesting.} ({Predecessor:} 14... Qg6 15. Re1 Bg4 16. Bf1 Re8 17. Qe3 Rad8 18. Kh1 Bc8 19. h3 Nh5 20. g4 Nf6 {½-½ (46) Medvegy,Z (2522)-Galyas,M (2477) Balatonalmadi 2010}) 15. Qe3 Bg4 16. Rae1 {[%emt 0:00:06] White wants to play Qf4.} Bxe2 17. Rxe2 h6 (17... Ng4 $2 18. Qf4 f5 19. h3 $18 (19. Qxf5 $2 Qxh2#)) 18. Rfe1 (18. Rd1 {feels hotter.} b5 19. d5 bxc4 20. g3) 18... b5 19. b3 bxc4 20. bxc4 Rab8 21. Bb4 Rd7 22. h3 Rbb7 23. Rd2 Qh5 24. Qc3 Qg5 25. Re3 $2 (25. Qc2 $11) 25... Qf4 $2 {[%emt 0:00:13] Black is more active.} ({Black should try} 25... a5 $1 $17 26. Bxa5 Rb1+ 27. Kh2 Qf4+ 28. Rg3 Nh5) 26. Rd1 Qf5 27. Qe1 Qe6 28. Qe2 {[%emt 0:00:04] Black should prevent f3.} Qf5 29. Qc2 Qg5 30. Bc3 Qf5 {[%emt 0:00:09] [#]} (30... Rdc7 $14) 31. Rde1 (31. f3 $1 $16) 31... Qe6 {[%emt 0:00:02] [#]} (31... Qg6 $1 $14) 32. Ba1 $1 $16 Qd6 33. Qe2 (33. f3 $16) 33... Rd8 34. Rg3 Rdb8 35. Qc2 {[%emt 0:00:03] Against Rb1} ({Better is} 35. d5 cxd5 36. cxd5) 35... a5 (35... Nh5 $1 $11 36. Rge3 f5) 36. d5 cxd5 37. cxd5 Rb6 (37... Rc7 $11 38. Qe2 Rbb7) 38. Bxf6 Qxf6 39. Qxe4 Rb2 40. Rf3 Qd6 41. Qf5 Rf8 42. g3 Ra2 43. Ree3 Qa6 44. Kg2 Ra1 45. Rd3 (45. Qd3 $16 Qc8 46. Qc3 Qxc3 47. Rxc3) 45... Qc4 $11 (45... Qb5 $5 46. Rfe3 $8 Qb1 $11) 46. Qf4 (46. Rfe3 $1 $11) 46... Qc2 $40 {[%emt 0:00:02][%mdl 1152] Black has compensation. White needs to defend precisely.} 47. Rfe3 $2 {[%emt 0:00:02][%mdl 8192] Black continues to play with concentration.} (47. g4 $15) 47... Qb1 48. Kf3 h5 $2 (48... Qf1 49. Qd4 $11 (49. Kg4 $2 f5+ $19)) (48... Qh1+ $19 49. Kg4 f5+ 50. Qxf5 Rxf5 51. Kxf5 Qxh3+ 52. Ke4 Qg2+ 53. Rf3 Qf1) 49. Qd6 $2 (49. Qe5 $11 {and White stays safe.}) 49... Qh1+ $19 50. Kf4 Qxh3 51. Ke4 Qg2+ 52. f3 Rc1 {[%emt 0:00:00] ( -> ...Rc4+)} ({Weaker is} 52... Qc2 53. Qc6 Qb1 54. Kf4 $15) 53. Kf4 Rg1 54. Kf5 Qh3+ (54... Qxg3 55. Qxg3 Rxg3 56. d6 $18) 55. Ke4 Rxg3 56. Rc3 Rg5 57. Kd4 g6 58. f4 Qg4 59. Rg3 $2 (59. Kc5 Rf5 60. Rg3 Rc8+ 61. Kb6 Rxc3 62. Rxc3 Qg1+ 63. Ka6) 59... Qd1+ {[%emt 0:00:01] Black is clearly winning.} ({Not} 59... Qxg3 60. Rxg3 Rxg3 61. Qe7 $11) 60. Rgd3 Qg1+ 61. Re3 Rf5 {[%emt 0:00:04] Strongly threatening ...Re8.} 62. Kc4 {[%emt 0:00:02] Weighted Error Value: White=0.66/Black=0.42} 0-1

[Event "4th Tata Steel India Blitz Open 2022"]
[Site "Kolkota"]
[Date "2022.12.04"]
[Round "16.2"]
[White "Abdusattorov, Nodirbek"]
[Black "So, Wesley"]
[Result "1/2-1/2"]
[ECO "D53"]
[WhiteElo "2713"]
[BlackElo "2760"]
[Annotator "TA"]
[PlyCount "96"]
[EventDate "2022.11.29"]
[EventType "tourn"]
[EventCountry "IND"]
[SourceTitle "playchess.com"]
[Source "ChessBase"]
[SourceQuality "1"]
[TimeControl "180+2"]

1. d4 Nf6 2. c4 e6 3. Nc3 d5 4. Nf3 Be7 5. Bg5 h6 6. Bh4 dxc4 7. e3 {[%emt 0:00:01] D53: Queen's Gambit Declined: 4 Bg5 Be7: Early deviations.} c5 8. Bxc4 cxd4 9. Nxd4 Bd7 10. O-O O-O 11. Bg3 Nc6 12. Ndb5 {[%emt 0:00:07] [#]} Ne8 $146 ({Predecessor:} 12... a6 13. Nd6 b5 14. Be2 Qb6 15. a4 b4 16. Nb1 Rfd8 17. Nd2 Na5 18. N2c4 Nxc4 19. Nxc4 {0-1 (58) Seo,J (2479)-Plazuelo Pascual,J (2458) Chess.com INT 2022}) 13. Qe2 a6 14. Nd4 Nxd4 15. exd4 Nf6 16. Rfd1 Bc6 {[%emt 0:00:25] Inhibits d5.} 17. Be5 Re8 18. Rac1 Rc8 19. Bd3 b5 20. a3 Qd7 21. Bb1 Qb7 22. Qd3 (22. f3 $11) 22... Bxg2 $15 23. Bxf6 Bxf6 24. d5 {[%emt 0:00:08] Prevents g6.} Bxd5 $40 {[%emt 0:00:17][%mdl 128] Black has some attack. This pair of bishops is nice.} 25. Qh7+ (25. Nxd5 $15 exd5 26. Rxc8 Rxc8 27. Qh7+ Kf8 28. Re1) 25... Kf8 $17 {[%emt 0:00:01] White must now prevent ...Bg2.} 26. Nxd5 exd5 ({Better is} 26... Qxd5 $17 27. Qh8+ Ke7 28. Qxe8+ Rxe8 29. Rxd5 exd5 30. Re1+ Kf8 31. Rxe8+ Kxe8) 27. Re1 (27. Rxc8 $15 Rxc8 28. Re1) 27... g6 (27... Bxb2 $2 28. Qh8#) 28. Bxg6 Rxc1 (28... Bxb2 29. Rxc8 (29. Qxh6+ Bg7 $15) 29... Rxc8 30. Qxh6+ Bg7 31. Qf4 $15) 29. Rxc1 Bg7 (29... Bxb2 30. Qxh6+ Bg7 31. Qf4 $15) 30. Bh5 $2 {[%emt 0:00:03] [#]} (30. Bd3 $17 {might work better.}) 30... Re5 $1 $19 (30... Bxb2 31. Qxh6+ Kg8 32. Qg5+ Bg7 33. Qf5 $11) 31. Bg4 (31. Bf3) 31... Rg5 $1 32. h3 h5 $2 (32... Bxb2 33. Qxh6+ Ke8 34. Re1+ Re5 35. Qh8+ Ke7 36. Rxe5+ $18) (32... f5 $19 33. b3 Qd7) 33. f4 $17 {[%emt 0:00:01] [#]} Rg6 ({Of course not} 33... Bxb2 $6 34. fxg5 Qb6+ 35. Kf1 Bxc1 36. Qh8+ (36. Bxh5 Qe6 $17) 36... Ke7 37. Qe5+ (37. Bxh5 Qe6 $17) 37... Kf8 38. Qh8+ Ke7 39. Qe5+ (39. Bxh5 Qe6 $17) 39... Kf8 40. Qh8+ $11) (33... Qb6+ $1 $17 34. Kf1 Qg6 35. Qxg6 (35. Rc8+ Ke7 $17) 35... Rxg6 36. Bxh5 Rh6 37. Rc8+ Ke7) 34. Qxh5 $15 Rc6 35. Re1 (35. Rxc6 $15 Qxc6 36. Kg2) 35... Qb6+ $17 36. Kg2 Rc2+ ({Black should try} 36... Bxb2 $17 37. Qxd5 Bxa3) 37. Re2 $15 Rxe2+ (37... Qc6 $5 38. Kg3 Rxe2 39. Bxe2 Bxb2 $17) 38. Bxe2 {[%emt 0:00:01][%mdl 4096] Endgame KQB-KQB} Qd4 (38... Bxb2 $15 39. Qxd5 Bxa3) 39. Qf5 $11 Qxb2 40. Qc8+ Ke7 41. Qc7+ Ke6 42. Qc6+ Ke7 (42... Kf5 $5 43. Qxd5+ Kxf4 44. Qxf7+ (44. Qf3+ Ke5 $15) 44... Qf6 $15) 43. Qb7+ Ke8 44. Qc8+ Ke7 45. Qc7+ Ke6 (45... Kf6 $5 46. Qd6+ Kf5 47. Qxd5+ Kxf4 48. Qxf7+ (48. Qf3+ Ke5 $15) 48... Bf6 $15) 46. Qc6+ {[%emt 0:00:02] The position is equal.} Ke7 47. Qb7+ Ke8 48. Qc8+ Ke7 {[%emt 0:00:02] Black had all chances to win.   Weighted Error Value: White=0.30/Black=0.23 (precise)} 1/2-1/2

[Event "4th Tata Steel India Blitz Open 2022"]
[Site "Kolkota"]
[Date "2022.12.04"]
[Round "16.3"]
[White "Nihal Sarin"]
[Black "Mamedyarov, Shakhriyar"]
[Result "1/2-1/2"]
[ECO "D02"]
[WhiteElo "2670"]
[BlackElo "2741"]
[Annotator "TA"]
[PlyCount "99"]
[EventDate "2022.11.29"]
[EventType "tourn"]
[EventCountry "IND"]
[SourceTitle "playchess.com"]
[Source "ChessBase"]
[SourceQuality "1"]
[TimeControl "180+2"]

1. d4 d5 2. Nf3 Nf6 3. c3 e6 4. Bf4 Bd6 5. e3 O-O 6. Nbd2 {[%emt 0:00:02] D02: 1 d4 d5 2 Nf3 sidelines, including 2...Nf6 3 g3 and 2...Nf6 3 Bf4.} b6 7. h4 c5 8. h5 h6 {[%emt 0:00:15] [#]} 9. Bxd6 $146 ({Predecessor:} 9. Ne5 Qc7 10. Qf3 Nh7 11. Bd3 f6 12. Qg3 cxd4 13. Qg6 f5 14. cxd4 Nc6 15. Nxc6 Bxf4 16. exf4 Qxc6 {½-½ (101) Tabatabaei,M (2664)-Sarana,A (2668) Chess.com INT 2022}) 9... Qxd6 10. Ne5 $1 Nc6 11. f4 cxd4 12. exd4 Ne4 13. Bd3 f5 14. Ndf3 Bd7 15. Rg1 (15. a3 {seems wilder.} a5 16. Ng6 Rfb8 17. Nfe5) 15... Ng3 (15... b5 {with more complications.} 16. Nxd7 Qxd7 17. Bxb5 Rab8) 16. Nxc6 (16. Ng6 $1 $14) 16... Bxc6 $11 17. Ne5 {[%emt 0:00:03] aiming for Qf3.} Be8 18. Qf3 Nxh5 19. g4 fxg4 20. Rxg4 {[%emt 0:00:03] Hoping for Rh4.} g5 21. Qg2 (21. Qh1 $11 {keeps the balance.} Rxf4 22. Rxf4 Nxf4 23. Qxh6 Nxd3+ 24. Nxd3 Qg3+ 25. Kd2 Qg2+ 26. Ke3 Qg3+ 27. Kd2 Qg2+ 28. Ke3 Qg3+ 29. Kd2) 21... Rxf4 $17 (21... Nxf4 $2 22. Rxg5+ $1 Kh8 23. Qh1 Nxd3+ 24. Kd2 $18) 22. O-O-O (22. Rxg5+ $142 hxg5 23. Qxg5+ Kf8 24. Bg6) 22... Qf8 23. Kb1 a5 (23... Rxg4 $1 $19 24. Qxg4 Nf4) 24. Rg1 (24. Qh1 $15) 24... Ra7 (24... Rxg4 $142 $1 25. Qxg4 Nf4) 25. a3 (25. Qh3 $142 Qg7 26. R4g2) 25... Rg7 ({Better is} 25... Rxg4 $1 26. Qxg4 Nf4) 26. Qh2 Qf6 (26... Rf2 $17 27. Qh3 b5) 27. Rxf4 $15 Qxf4 28. Qc2 (28. Qh3 $11 Re7 29. Ng4) 28... Qe3 $17 29. Rh1 (29. Rf1 {was called for.} Nf4 30. Rf3 Qe1+ 31. Ka2) 29... Nf4 (29... g4 $142 {...g3 is the strong threat.} 30. Qh2 g3) 30. Ka1 $2 (30. Rxh6 Nxd3 31. Qxd3 Qxd3+ 32. Nxd3) 30... h5 31. Ba6 (31. Qd1 $142 Nxd3 32. Nxd3) 31... g4 $19 32. Qb3 g3 {[%emt 0:00:02] Threatens to win with ...g2.} 33. Qxb6 g2 34. Rb1 g1=Q (34... g1=R $2 {too greedy.} 35. Qd8 $19) 35. Rxg1 Rxg1+ 36. Ka2 Bg6 (36... Qc1 $142 {( -> ...a4)} 37. Qd8 Qb1+ 38. Kb3 a4+ 39. Kb4 Qxb2+ 40. Kc5 Qxa3+ 41. Kb6 Rb1+ 42. Kc7 Qxc3+ 43. Nc4 dxc4 44. Qxe8+ Kg7 45. Qe7+ Kg6 46. Qe8+ Kf5) 37. Qd8+ Kg7 38. Qe7+ Kh6 39. Qf6 {[%emt 0:00:01] White threatens Nf7+ and mate.} h4 $1 ({Avoid the trap} 39... Kh7 $2 40. Qe7+ Kh6 41. Qf6 $19) 40. Qxh4+ Nh5 41. Qe7 {[%emt 0:00:03] [#]} (41. Ng4+ $19 Rxg4 42. Qxg4) 41... Qf4 $2 (41... Ra1+ $3 {[%mdl 512] mates} 42. Kb3 (42. Kxa1 Qe1+) 42... Bc2+ $1 43. Kxc2 Qc1+ 44. Kd3 Nf4#) 42. Qxe6 a4 43. Bd3 $2 {[%emt 0:00:02] [#]} (43. Nxg6 Rxg6 44. Qc8) 43... Qf6 $2 ({Black should play} 43... Qc1 $1 $19 44. Qxg6+ Rxg6 45. Bxg6 Ng3) 44. Qxf6 $11 {[%emt 0:00:03] Dancing on a razor blade. The position is equal.} Nxf6 45. Bxg6 {[%emt 0:00:01] Black must now prevent Bc2. KRN-KBN} Ne4 {[%emt 0:00:04] And now ...Rg2 would win.} 46. Bf7 Rg2 47. Ka1 Rg1+ 48. Ka2 Rg2 49. Ka1 Rg1+ 50. Ka2 {Black had all chances to win.   Weighted Error Value: White=0.92/Black=0.58} 1/2-1/2

[Event "4th Tata Steel India Blitz Open 2022"]
[Site "Kolkota"]
[Date "2022.12.04"]
[Round "16.4"]
[White "Vidit, Santosh Gujrathi"]
[Black "Rameshbabu, Praggnanandhaa"]
[Result "1-0"]
[ECO "C78"]
[WhiteElo "2724"]
[BlackElo "2678"]
[Annotator "TA"]
[PlyCount "95"]
[EventDate "2022.11.29"]
[EventType "tourn"]
[EventCountry "IND"]
[SourceTitle "playchess.com"]
[Source "ChessBase"]
[SourceQuality "1"]
[TimeControl "180+2"]

1. e4 e5 2. Nf3 Nc6 3. Bb5 a6 4. Ba4 Nf6 5. O-O b5 6. Bb3 Bb7 7. d3 Bc5 8. a4 O-O 9. Nc3 Na5 {[%emt 0:00:04] The main line 9...Na5 scores better than 9...b4.} 10. axb5 Nxb3 (10... axb5 {is interesting.} 11. Nxe5 Nxb3 12. Rxa8 Bxa8 13. cxb3 Re8) 11. cxb3 {[%emt 0:00:01] C78: Ruy Lopez: Archangelsk and Möller Defences.} axb5 12. Rxa8 Qxa8 13. Nxe5 {[%emt 0:00:13] [#] White is slightly better.} b4 $146 ({Predecessor:} 13... Re8 14. Ng4 Nxg4 15. Qxg4 b4 16. Nb5 Qd8 17. Qf4 d6 18. Be3 Bxe3 19. fxe3 Qd7 {½-½ (28) Yloenen,O (2423)-Ghyssens,D (2418) ICCF email 2012}) 14. Na4 {[%emt 0:00:03] Pair of Knights!} Be7 15. Bg5 Rd8 (15... Qd8 $14) 16. Ng4 $1 $16 {[%emt 0:00:15] White is more active.} Nd5 17. Qc1 f6 18. Bd2 (18. Bh4 $142 $1) 18... f5 19. Ne5 (19. exf5 Rf8 $16) (19. exd5 $142 fxg4 20. Qxc7) 19... fxe4 20. dxe4 d6 21. Ng4 Nf6 22. Qxc7 Nxg4 (22... Nxe4 $16 23. Bxb4 Bg5) 23. Qxe7 $18 {[%emt 0:00:01] Strongly threatening Qe6+.} Re8 24. Qg5 (24. Qxd6 $18 {Hoping for f3.} Rxe4 25. Nc5) 24... Rxe4 $16 {[%emt 0:00:07] [#]} 25. Nb6 {[%emt 0:00:12] Inhibits h6.} (25. h3 $1 $16 Ne5 26. Nb6) 25... Qe8 $14 26. Nc4 Rd4 {[%emt 0:00:02] [#]} ({Black should try} 26... h6 $14 27. Qf5 Qe6 28. Qxe6+ Rxe6 29. Bxb4 Rg6) 27. Bxb4 ({White should play} 27. Re1 $1 $18 Qf8 28. f3 (28. Bxb4 $2 Qxf2+ 29. Kh1 Bxg2#)) 27... h6 (27... Rxc4 $1 $14 28. Bc3 (28. bxc4 Qe4 $11) 28... Rxc3 29. bxc3 Ne5) 28. Qf5 $16 Qc6 (28... Qe2 $16 {is a better defense.} 29. h3 (29. Bxd6 Rd1 $11) 29... Rd1) 29. f3 $18 Ne5 30. Bc3 (30. Nxe5 dxe5 31. Bc3 Rd5) 30... Rd5 31. Qe6+ ({Much less strong is} 31. Nxe5 dxe5 32. h3 (32. Bxe5 $2 {perishes.} Qc5+ 33. Kh1 Rxe5 $19) 32... Qb6+ 33. Kh1 Qxb3) 31... Kh7 32. Nxe5 Qc5+ (32... dxe5 $16 33. Qxc6 Bxc6) 33. Kh1 {[%emt 0:00:01] Intending Qg6+ and mate.} dxe5 34. h3 Qe3 (34... Bc8 $142 35. Qe8 Bd7) 35. Qf5+ Kh8 36. b4 Qf4 37. Qxf4 exf4 {[%emt 0:00:01][%mdl 4096] Endgame KRB-KRB} 38. Re1 Rd7 39. Re5 Kg8 40. h4 {[%emt 0:00:01] Prevents g5.} g6 (40... Bd5 $142 41. Rf5 Bc4 42. Rxf4 Bd3) 41. Re6 g5 42. Rxh6 gxh4 43. Rh8+ Kf7 44. Rxh4 Kg6 45. Rxf4 Rd5 (45... Rf7 $142) 46. Kh2 Rh5+ 47. Kg3 {[%emt 0:00:01] Threatens to win with Rf6+.} Rh1 $2 (47... Rf5 $18 48. Rd4 Rd5) 48. Rf6+ {[%emt 0:00:02] Weighted Error Value: White=0.33/Black=0.49} 1-0